AoeStats
← matthew970127

Arena

508232542Analyzed
4v4 RM · 10d ago on Sep 21, 2026· 91m 37s· 8 players
Game mode
Random Map
Map size
Large (8 player)
Population
200
Speed
Normal
Resources
Standard
Victory
Conquest
Starting age
Dark Age
Ending age
Imperial Age
RankedLock teamsTeams togetherTeam positionsShared explorationLock speedFull tech treeHidden civsTurbo modeCheats
Victory
Defeat
🇦🇷 Britons · Argentina
948
+11
🇹🇼 Bengalis · Taiwan
923
+12
🇹🇼 Teutons · Taiwan
903
+12
🇹🇼 Mongols · Taiwan
742
+18
🇨🇦 Romans · Canada
846
-14
🇱🇺 Hindustanis · Luxembourg
834
-14
🇮🇳 Persians · India
815
-13
🇹🇷 Bohemians · Türkiye
783
-12
Shahanshah 7
12:47 Feudal Age
11:07 Loom
18:42 Castle Age
18:45 Wheelbarrow
21:55 Forging
25:01 Crossbowman
28:30 Padded Archer Armor
28:20 Fletching
28:38 Scale Barding Armor
29:08 Iron Casting
33:12 Kamandaran
33:58 Double-Bit Axe
34:39 Hand Cart
38:14 Leather Archer Armor
37:55 Bodkin Arrow
39:03 Elite Skirmisher
42:28 Imperial Age
43:52 Chemistry
43:28 Ring Archer Armor
44:00 Blast Furnace
43:34 Onager
46:02 Cavalier
46:43 Husbandry
46:53 Bloodlines
49:34 Chain Barding Armor
52:40 Savar
70:09 Light Cavalry
lil_luzツ
11:17 Feudal Age
11:49 Double-Bit Axe
11:46 Horse Collar
19:20 Castle Age
20:14 Bow Saw
20:06 Heavy Plow
25:34 Grand Trunk Road
26:21 Fletching
26:32 Padded Archer Armor
27:02 Ballistics
27:23 Bodkin Arrow
27:39 Forging
27:30 Scale Mail Armor
28:48 Murder Holes
31:15 Iron Casting
32:04 Chain Mail Armor
35:56 Imperial Age
34:15 Leather Archer Armor
36:11 Wheelbarrow
36:27 Herbal Medicine
36:38 Shatagni
37:00 Conscription
38:20 Blast Furnace
37:44 Bracer
38:14 Ring Archer Armor
39:09 Chemistry
38:47 Hand Cart
39:38 Two-Man Saw
39:09 Elite Skirmisher
46:21 Elite Ghulam
60:46 Scale Barding Armor
60:13 Light Cavalry
61:04 Bloodlines
60:55 Husbandry
61:21 Hussar
62:50 Chain Barding Armor
66:04 Pikeman
66:45 Squires
66:30 Arson
73:08 Masonry
73:09 Fortified Wall
74:36 Plate Barding Armor
77:22 Loom
cmblqn
5:01 Loom
13:21 Feudal Age
15:02 Wheelbarrow
14:14 Town Watch
19:02 Castle Age
18:58 Double-Bit Axe
18:55 Horse Collar
21:47 Hand Cart
24:28 Bow Saw
27:58 Chemistry
28:26 Ballistics
27:48 Treadmill Crane
34:24 Imperial Age
33:06 Fletching
33:18 Padded Archer Armor
33:48 Masonry
33:53 Wagenburg Tactics
35:05 Bodkin Arrow
35:27 Leather Archer Armor
34:36 Elite Hussite Wagon
35:35 Caravan
35:47 Bracer
35:51 Houfnice
37:27 Guilds
36:50 Pikeman
37:34 Squires
37:28 Halberdier
38:50 Ring Archer Armor
38:24 Scale Mail Armor
39:22 Heavy Plow
40:45 Two-Man Saw
40:29 Forging
40:36 Chain Mail Armor
41:12 Conscription
45:01 Iron Casting
44:58 Plate Mail Armor
46:12 Onager
Marshall
11:55 Feudal Age
13:20 Double-Bit Axe
13:19 Horse Collar
18:44 Castle Age
17:29 Fletching
17:53 Gold Mining
18:12 Stone Mining
18:38 Man-at-Arms
19:23 Padded Archer Armor
20:12 Heavy Plow
20:09 Elite Skirmisher
23:24 Gold Shaft Mining
24:07 Bow Saw
26:35 Bodkin Arrow
27:02 Leather Archer Armor
27:12 Ballistics
27:06 Squires
33:14 Imperial Age
31:01 Pikeman
35:53 Crop Rotation
37:00 Halberdier
39:51 Heavy Scorpion
41:42 Ballistas
42:02 Comitatenses
44:58 Ring Archer Armor
45:18 Siege Engineers
45:09 Murder Holes
46:05 Long Swordsman
48:46 Conscription
48:20 Legionary
52:24 Elite Centurion
54:51 Wheelbarrow
54:04 Town Watch
60:59 Masonry
61:00 Fortified Wall
61:27 Forging
61:23 Scale Barding Armor
61:22 Scale Mail Armor
67:15 Chain Mail Armor
67:35 Iron Casting
70:14 Architecture
71:22 Blast Furnace
matthew970127
9:27 Feudal Age
15:39 Castle Age
14:03 Double-Bit Axe
14:32 Horse Collar
15:44 Gold Mining
16:23 Heavy Plow
19:31 Loom
22:49 Scale Mail Armor
24:20 Fortified Wall
24:54 Wheelbarrow
25:22 Pikeman
26:31 Chain Mail Armor
26:28 Forging
33:22 Iron Casting
33:16 Squires
45:09 Arson
50:35 Imperial Age
50:37 Halberdier
51:54 Plate Mail Armor
56:52 Cavalier
57:42 Scale Barding Armor
57:56 Hand Cart
59:09 Bloodlines
60:26 Paladin
66:36 Chain Barding Armor
73:33 Town Watch
90:06 Stone Mining
91:43 Stone Shaft Mining
yainyuyu
11:30 Feudal Age
15:48 Castle Age
14:43 Horse Collar
14:51 Double-Bit Axe
24:00 Bloodlines
24:55 Heavy Plow
24:24 Light Cavalry
26:41 Bow Saw
30:21 Bloodlines
30:14 Husbandry
29:35 Light Cavalry
30:27 Scale Barding Armor
31:09 Forging
32:40 Wheelbarrow
34:28 Chain Barding Armor
37:50 Imperial Age
36:51 Iron Casting
36:34 Fletching
39:26 Bodkin Arrow
42:46 Blast Furnace
41:47 Bracer
41:48 Padded Archer Armor
41:13 Hussar
46:51 Ballistics
47:31 Chemistry
53:12 Leather Archer Armor
66:07 Elite Mangudai
77:11 Parthian Tactics
79:32 Siege Engineers
zzy320286
10:55 Feudal Age
12:41 Double-Bit Axe
15:19 Castle Age
13:20 Horse Collar
16:19 Bow Saw
16:13 Heavy Plow
23:31 Stone Mining
23:31 Gold Mining
23:37 Gold Mining
24:34 Wheelbarrow
24:13 Crossbowman
24:58 Padded Archer Armor
25:34 Ballistics
25:08 Fletching
26:04 Hand Cart
25:34 Loom
26:16 Leather Archer Armor
27:24 Gold Shaft Mining
27:07 Bodkin Arrow
31:49 Imperial Age
30:45 Yeomen
31:53 Elite Longbowman
33:09 Ring Archer Armor
32:39 Bracer
33:41 Chemistry
33:57 Conscription
33:38 Arson
33:54 Squires
33:39 Gambesons
33:14 Pikeman
33:58 Scale Mail Armor
34:08 Forging
35:31 Chain Mail Armor
36:08 Warwolf
35:44 Halberdier
37:00 Iron Casting
37:40 Plate Mail Armor
39:48 Two-Man Saw
40:56 Siege Engineers
46:15 Blast Furnace
47:10 Guilds
47:31 Coinage
47:01 Caravan
57:17 Banking
58:41 Town Watch
89:05 Spies/Treason
micky970815
11:05 Feudal Age
17:01 Castle Age
16:19 Double-Bit Axe
18:59 Horse Collar
21:41 Bow Saw
25:06 Heavy Plow
28:50 Paiks
28:47 Fletching
28:57 Padded Archer Armor
30:14 Wheelbarrow
35:25 Imperial Age
35:38 Hand Cart
35:29 Siege Elephant
36:28 Scale Barding Armor
36:34 Forging
36:20 Bodkin Arrow
38:36 Elite Elephant Archer
39:37 Pikeman
40:18 Squires
41:16 Mahayana
40:38 Halberdier
44:50 Two-Man Saw
46:32 Iron Casting
45:58 Scale Mail Armor
57:15 Crop Rotation
58:52 Man-at-Arms
59:33 Gambesons
60:24 Long Swordsman
61:30 Two-Handed Swordsman
62:27 Champion
64:27 Chain Mail Armor
65:12 Blast Furnace
64:45 Caravan
75:41 Arson
Connection lost

Rejoining the realm…

Still unreachable

The connection could not be restored.

Session expired

The server has moved on; the page needs a fresh start.